 Dungeon Crawl Stone Soup version 0.30-a0-996-ga6910c8ee8 (webtiles) character file.

Game seed: 3311016058530869104

23 DeathPants the Sneak (level 2, -7/16 HPs)
             Began as a Vine Stalker Delver on Apr 4, 2023.
             Killed by divine providence
             ... invoked by an orc priest
              (8 damage)
             ... on level 3 of the Dungeon.
             The game lasted 00:02:35 (445 turns).

DeathPants the Sneak (Vine Stalker Delver)           Turns: 445, Time: 00:02:36

Health: -7/16      AC:  3    Str: 14    XL:     2   Next: 95%
Magic:  0/3        EV: 12    Int: 10    God:
Gold:   11         SH:  0    Dex: 15    Spells: 1/1 levels left

rFire   . . .      SeeInvis .    a - +0 short sword
rCold   . . .      Faith    .    (no shield)
rNeg    . . .      Spirit   +    b - +0 leather armour
rPois   .          Reflect  .    (no helmet)
rElec   .          Rampage  .    (no cloak)
rCorr   .                        (no gloves)
Will    .....                    (no boots)
Stlth   +++                      (no amulet)
HPRegen 0.22/turn                (no ring)
MPRegen 0.08/turn                (no ring)

@: lethally poisoned (-7 -> -18), hasted, very quick
A: fangs 2, magic shield, antimagic bite, no potion heal 2
a: no special abilities


You were on level 3 of the Dungeon.
You visited 1 branch of the dungeon, and saw 4 of its levels.

You collected 11 gold pieces.

Inventory:

Hand Weapons
 a - a +0 short sword (weapon)
Missiles
 i - 2 boomerangs (quivered)
Armour
 b - a +0 leather armour (worn)
Wands
 g - a wand of digging (3)
Scrolls
 c - a scroll of fog
 d - a scroll of identify {unknown}
 h - a scroll of vulnerability {unknown}


   Skills:
 + Level 3.0 Fighting
 * Level 2.4 Short Blades
 + Level 1.9 Dodging
 - Level 6.0 Stealth


You had one spell level left.
You didn't know any spells.
Your spell library was empty.

Dungeon Overview and Level Annotations

Branches:
Dungeon (6/15)             Temple (0/1) D:5

Altars:
Ashenzari


Innate Abilities, Weirdness & Mutations

You have extremely sharp teeth.
When hurt, damage is shared between your health and your magic reserves.
Your bite disrupts and absorbs the magic of your enemies.
Potions cannot restore your health.


Message History

The gnoll misses you.
You hit the gnoll but do no damage.
The gnoll is lightly wounded.
You closely miss the gnoll.
The gnoll is lightly wounded.
The gnoll closely misses you.
The orc splashes around in the water.
You hit the gnoll.
The gnoll is moderately wounded.
You hit the gnoll. Your bite misses the gnoll.
The gnoll is severely wounded.
The gnoll barely misses you.
The orc splashes around in the water.
You hit the gnoll but do no damage.
The gnoll is severely wounded.
The gnoll barely misses you.
You hit the gnoll. You bite the gnoll, but do no damage.
The gnoll is almost dead.
You completely miss the gnoll.
The gnoll is almost dead.
The gnoll hits you with a +0 flail of venom!
You are lethally poisoned!
The orc hits you with a +0 short sword.
You hit the gnoll.
You kill the gnoll!
* * * LOW HITPOINT WARNING * * *
You feel very sick. The orc hits you with a +0 short sword.
* * * LOW HITPOINT WARNING * * *
Your Fighting skill increases to level 3!
You aren't carrying any potions.
You closely miss the orc priest. Your bite misses the orc priest.
* * * LOW HITPOINT WARNING * * *
You feel sick.
You hit the orc priest. Your bite misses the orc priest.
The orc priest is lightly wounded.
* * * LOW HITPOINT WARNING * * *
You feel sick.
The orc priest invokes the aid of Beogh against you.
Beogh smites you!
Ouch! That really hurt!
You die...

## ##.#### ##..~~≈≈≈#
#~~~≈≈~≈≈≈ ##
#.~≈≈.~≈≈ #.#
#.~≈~~≈≈≈ #..#
#~≈.≈~#######...#
#o~≈~~~##.......#
#@≈~≈~..####.#####
#)o~~~............
#.~~~~~#.###.#####
##.~≈~≈~#.###.#
#..~~.~...##..#
##..~~~≈.####.##
#...~~.~.# #.######
##.#.~~~~~# #......:
#...~~.≈~.####.......


You could see an orc priest and an orc.

Vanquished Creatures
  An adder (D:4)
  A gnoll (D:3)
  An orc (D:5)
  An endoplasm (D:3)
4 creatures vanquished.

Notes
Turn   | Place    | Note
-------+----------+-------------------------------------------
     0 | D:5      | DeathPants the Vine Stalker Delver began the quest for the
                  | Orb.
     0 | D:5      | Reached XP level 1. HP: 11/11 MP: 2/2
     1 | D:6      | Noticed an orc wizard
     9 | D:5      | Found a staircase to the Ecumenical Temple.
   104 | D:5      | Found a broken altar of Ashenzari.
   104 | D:5      | Noticed an ogre
   198 | D:4      | Reached XP level 2. HP: 5/16 MP: 3/3
   445 | D:3      | Killed from afar by an orc priest

Illustrated notes

Levels and vault maps discovered:
D:3:      layout_rooms, eat_drink_and_be_merry_uskayaw, xom_teletrap_fun,
          chequers_serial_rivers_large_a, minmay_misc_feat_enclosed,
          grunt_ministairs_12, chequers_serial_rivers_small_b, uniq_natasha
D:4:      layout_basic, mainiacjoe_overflow_surrounded_room, serial_shops, shop,
          kennysheep_orc_chapel, uniq_sigmund
D:5:      layout_rooms, evilmike_ruin_ashenzari, temple_pool_b,
          minmay_misc_feat_roman, amcnicky_mini_pool_small, nicolae_shop_gadgets
D:6:      layout_gridville, serial_shops, nicolae_take_the_stairs,
          nicolae_shop_overgrown_old_shop, minmay_small_thing, uniq_grinder,
          uniq_blork_the_orc

Skill      XL: |  1  2 |
---------------+-------+-----
Short Blades   | 2 |  2.4
Fighting       | 3 |  3.0
Dodging        | |  1.9
Stealth        | |  6.0

Action                     || total
---------------------------++-------
  Melee: Short sword       ||    34
         Bite              ||     3
         Punch             ||     1
  Throw: Boomerang         ||     5
    Use: Scroll            ||     2
         Potion            ||     1
 Armour: Leather armour    ||     4
  Dodge: Dodged            ||    15

Table legend: (Time is in decaauts)
 A = Elapsed time spent in this place.
 B = Non-inter-level travel time spent in this place.
 C = Inter-level travel time spent in this place.
 D = Time resting spent in this place.
 E = Time spent auto-exploring this place.
 F = Levels seen in this place.
 G = Mean time per level.
                   A        B        C        D        E       F      G
               +--------+--------+--------+--------+--------+-----+--------+
         Total |    442 |    442 |      0 |    149 |     36 |   4 |  110.5 |
       Dungeon |    442 |    442 |      0 |    149 |     36 |   4 |  110.5 |
               +--------+--------+--------+--------+--------+-----+--------+

Top non-repeatable levels by time:
     D:4: 215 daAuts
     D:5: 163 daAuts
     D:3: 62 daAuts
     D:6: 1 daAuts
